 Dungeon Crawl Stone Soup version 0.29.0-4-gdea44cf6ec (webtiles) character file.

Game seed: 1879155478184586655

33138 Shayle the Nimble (level 13, -2/126 HPs)
             Began as a Tengu Brigand on Aug 28, 2022.
             Was a High Priest of Vehumet.
             Slain by a black mamba (9 damage)
             ... on level 5 of the Lair of Beasts.
             The game lasted 01:09:30 (22916 turns).

Shayle the Nimble (Tengu Brigand)                  Turns: 22916, Time: 01:09:31

Health: -2/126     AC: 26    Str: 13    XL:     13   Next: 69%
Magic:  10/27      EV:  2    Int: 21    God:    Vehumet [*****.]
Gold:   836        SH:  5    Dex: 16    Spells: 12/31 levels left

rFire   . . .      SeeInvis .   p - +2 long sword (flame)
rCold   . . .      Faith    .   T - +0 buckler
rNeg    . . .      Spirit   .   (body armour currently unavailable)
rPois   +          Reflect  .   (helmet currently unavailable)
rElec   .          Harm     .   (cloak currently unavailable)
rCorr   .          Rampage  .   (gloves currently unavailable)
Will    .....      NoTele   +   (boots unavailable)
Stlth   ++++......              n - amulet of magic regeneration
HPRegen 0.31/turn               v - +6 ring of intelligence
MPRegen 0.60/turn               (no ring)

@: tree-form
A: stationary, stasis, torment immunity, boosted hp, (beak), (talons 3), nimble
flight
a: Renounce Religion


You were on level 5 of the Lair of Beasts.
You worshipped Vehumet.
Vehumet was extremely pleased with you.
You were a tree.
You visited 3 branches of the dungeon, and saw 16 of its levels.
You also visited: Ossuary.

You collected 1034 gold pieces.
You spent 198 gold pieces at shops.

Inventory:

Hand Weapons
 a - a +2 dagger
 p - a +2 long sword of flaming (weapon)
 y - a +2 vorpal sling
 z - a +2 whip of venom
 M - the +9 short sword of Calamity {protect, Stlth+}
   (You took it off a gnoll sergeant on level 8 of the Dungeon)

   It grants its wielder temporary protection when it strikes (+7 to AC).
   Stlth:     It makes you more stealthy.
 Z - a +0 broad axe
Missiles
 d - 24 poisoned darts
 e - 7 curare-tipped darts (quivered)
 t - a silver boomerang
 D - 5 datura-tipped darts
 W - 5 atropa-tipped darts
Armour
 b - a +1 robe
 l - a +2 cloak (melded)
 s - a scarf of repulsion
 J - a +2 robe of cold resistance
 O - +2 steam dragon scales (melded)
 R - a +0 troll leather armour
 S - a +2 pair of gloves of strength (melded)
 T - a +0 buckler (worn)
Jewellery
 n - an amulet of magic regeneration (around neck)
 v - a +6 ring of intelligence (left branch)
 Q - a ring of fire
Wands
 C - a wand of iceblast (4)
 G - a wand of polymorph (14)
 K - a wand of digging (2)
 N - a wand of charming (7)
Scrolls
 h - 4 scrolls of brand weapon
 j - 2 scrolls of teleportation
 m - 3 scrolls of magic mapping
 o - 4 scrolls of butterflies
 r - a scroll of poison
 I - a scroll of immolation
 L - 2 scrolls of identify
 Y - a scroll of noise {unknown}
Potions
 c - a potion of cancellation {unknown}
 f - 5 potions of might
 i - 4 potions of attraction
 u - 2 potions of mutation
 w - 2 potions of brilliance {unknown}
 x - a potion of lignification
 A - 3 potions of berserk rage {unknown}
 B - 3 potions of invisibility {unknown}
 E - 3 potions of magic
 H - 3 potions of resistance {unknown}
 P - a potion of flight {unknown}
 U - a potion of ambrosia {unknown}


   Skills:
 + Level 10.8 Fighting
 - Level 2.1 Short Blades
 - Level 2.0 Throwing
 + Level 11.6 Dodging
 - Level 7.0 Stealth
 - Level 4.0 Shields
 + Level 9.7 Spellcasting
 + Level 10.6 Fire Magic
 + Level 9.9 Air Magic
 - Level 3.4 Poison Magic


You had 12 spell levels left.
You knew the following spells:

 Your Spells              Type           Power      Damage    Failure   Level
a - Poisonous Vapours     Pois/Air       76%        N/A       1%          2
b - Fireball              Conj/Fire      16%        3d8       7%          5
c - Scorch                Fire           100%       2d10      1%          2
d - Ignite Poison         Fire/Tmut/Pois 29%        N/A       1%          3
e - Mephitic Cloud        Conj/Pois/Air  29%        N/A       1%          3
f - Airstrike             Air            25%        2d(4-20)  1%          4

Your spell library contained the following spells:

 Spells                   Type           Power      Damage    Failure   Level
 Conjure Flame            Conj/Fire      32%        6-21      1%          3
 Swiftness                Air            51%        N/A       1%          3
 Flame Wave               Conj/Fire      32%        2d9       2%          4
 Sticky Flame             Conj/Fire      32%        2d5       2%          4
 Frozen Ramparts          Ice            20%        1d4       7%          3
 Stone Arrow              Conj/Erth      20%        3d8       7%          3
 Lightning Bolt           Conj/Air       15%        1d29      9%          5
 Summon Lightning Spire   Summ/Air       31%        N/A       11%         4
 Spider Form              Tmut/Pois      17%        N/A       12%         3
 Blink                    Tloc           20%        N/A       13%         2
 Ensorcelled Hibernation  Hex/Ice        20%        N/A       13%         2
 Passwall                 Tmut/Erth      8%         N/A       13%         2
 Corpse Rot               Necr/Pois/Air  29%        N/A       14%         4
 Fulminant Prism          Conj/Hex       5%         3d7       21%         4
 Confusing Touch          Hex            10%        N/A       26%         3
 Lesser Beckoning         Tloc           10%        N/A       26%         3
 Lee's Rapid Deconstruct  Erth           5%         3d7*      50%         5
 Anguish                  Hex/Necr       5%         N/A       63%         4
 Ice Form                 Ice/Tmut       10%        N/A       63%         4
 Leda's Liquefaction      Hex/Erth       5%         N/A       63%         4
 Summon Ice Beast         Ice/Summ       10%        N/A       63%         4
 Manifold Assault         Tloc           10%        N/A       93%         5
 Summon Mana Viper        Hex/Summ       10%        N/A       93%         5
 Iron Shot                Conj/Erth      5%         9d2       95%         6
 Simulacrum               Ice/Necr       5%         N/A       100%        6
 Statue Form              Tmut/Erth      6%         N/A       100%        6
 Summon Cactus Giant      Summ           5%         N/A       100%        6
 Monstrous Menagerie      Summ           5%         N/A       100%        7
 Storm Form               Tmut/Air       15%        N/A       100%        7


Dungeon Overview and Level Annotations

Branches:
Dungeon (10/15)            Temple (1/1) D:4            Lair (5/5) D:10
 Shoals (0/4) Lair:2        Snake (0/4) Lair:3        Slime (0/5) Lair:4
Ossuary (visited)
    Orc: D:9-12

Altars:
Ashenzari
Cheibriados
Dithmenos
Elyvilon
Fedhas
Gozag
Hepliaklqana
Kikubaaqudgha
Makhleb
Nemelex Xobeh
Okawaru
Qazlal
Ru
Sif Muna
Trog
Uskayaw
Vehumet
Wu Jian
Xom
Yredelemnul
Zin
The Shining One
Jiyva

Shops:
D:5 !   D:9 *

Annotations:
D:5 1 exclusion


Innate Abilities, Weirdness & Mutations

You are a tree.
Your roots penetrate the ground, keeping you stationary.
You cannot be teleported.
You are immune to unholy pain and torment.
Your maximum health is greatly increased.
Your equipment is partially melded.
((You have a beak for a mouth.))
((You have claws for feet.))
Your magical nature lets you fly swiftly and evasively.


Message History

The cane toad stings you but does no damage.
The vampire mosquito bites you but does no damage.
Unknown command.
Okay, then.
Okay, then.
Casting: Scorch (safe; 1% risk of failure)
Confirm with . or Enter, or press ? or * to list all spells.
Flames lash the boulder beetle.
The boulder beetle is heavily wounded.
The boulder beetle's fire resistance burns away.
The cane toad is no longer more vulnerable to fire.
The vampire mosquito is no longer more vulnerable to fire.
The black mamba bites you but does no damage.
The vampire mosquito bites you but does no damage.
The cane toad stings you but does no damage.
The black mamba bites you but does no damage.
The boulder beetle curls into a ball and begins rolling!
Casting: Scorch (safe; 1% risk of failure)
Confirm with . or Enter, or press ? or * to list all spells.
Flames lash the cane toad.
You kill the cane toad!
Vehumet accepts your kill.
You hear an angry hiss.
The vampire mosquito bites you but does no damage.
The black mamba bites you but does no damage.
The vampire mosquito bites you but does no damage.
The black mamba bites you but does no damage.
Casting: Scorch (safe; 1% risk of failure)
Confirm with . or Enter, or press ? or * to list all spells.
Flames lash the blink frog.
The blink frog is moderately wounded.
The blink frog's fire resistance burns away.
The vampire mosquito bites you but does no damage.
You block the black mamba's attack. The vampire mosquito barely misses you.
Casting: Scorch (safe; 1% risk of failure)
Confirm with . or Enter, or press ? or * to list all spells.
Flames lash the blink frog.
The blink frog is burned terribly!
The blink frog is severely wounded.
The black mamba bites you!
You die...

........ .......
.......... .......
.....##...#. ..)..
.....# #.#.###...# .
.....###.#..##...# #..
....##.........F.##
....
....#.............#°...
....##............°#
.....#.........y♣B.#
....###........S..##
....###.[..###....#
.....##.#####........#
.....#..##............
......................
..P##.P#....#P###.#.#.
########.##.## ######
#### #


You could see a boulder beetle (rolling, combustible), a black mamba
(combustible), a blink frog (petrified, combustible) and a vampire mosquito.

Vanquished Creatures
  Fannar (Lair:2)
  A boulder beetle (Lair:4)
  3 hydras
  A catoblepas (Lair:5)
  2 two-headed ogres
  An alligator (Lair:5)
  Nergalle (Lair:2)
  An oklob plant (D:10)
  2 black mambas (Lair:4)
  19 cane toads
  A torpor snail (Lair:1)
  A kobold demonologist (D:10)
  Maggie (D:8)
  5 komodo dragons
  2 rime drakes
  A troll (D:10)
  A tyrant leech (Lair:4)
  18 blink frogs
  6 dream sheep
  27 yaks
  A wraith (D:10)
  3 wyverns
  4 vampire mosquitoes
  A basilisk (D:10)
  5 nagas (Lair:3)
  Menkaure (D:6)
  9 water moccasins
  6 orc warriors
  A sky beast (D:6)
  4 ice beasts
  2 ogres
  5 wolves (Lair:2)
  7 centaurs
  2 phantoms
  2 kobold brigands
  20 bullfrogs
  3 scorpions
  4 gnoll sergeants
  4 necrophages
  3 wights (D:8)
  16 killer bees
  2 jellies (D:7)
  9 howler monkeys
  3 hounds
  4 orc priests
  A gnoll bouda (D:6)
  5 iguanas
  10 orc wizards
  A mummy (Ossuary)
  14 gnolls
  10 adders
  2 shadow imps
  2 white imps
  3 worms
  2 dart slugs (D:4)
  28 orcs
  3 spectral bats (Ossuary)
  6 bats
  12 endoplasms
  8 giant cockroaches
  12 gnoll zombies (Ossuary)
  4 goblins
  7 hobgoblins
  13 jackals
  11 kobolds
  A quokka (D:3)
  4 ball pythons
  3 bat simulacra (Ossuary)
  7 frilled lizards
  2 goblin simulacra (Ossuary)
  4 goblin zombies (Ossuary)
  4 hobgoblin zombies (Ossuary)
  3 kobold zombies (Ossuary)
  7 orc zombies (Ossuary)
  4 rats
  4 rat simulacra (Ossuary)
  2 spectral goblins (Ossuary)
  3 spectral kobolds (Ossuary)
  4 spectral rats (Ossuary)
422 creatures vanquished.

Vanquished Creatures (others)
  An orc (D:8)
  6 fungi (Lair:5)
  78 plants
85 creatures vanquished.

Grand Total: 507 creatures vanquished

Notes
Turn   | Place    | Note
-------+----------+-------------------------------------------
     0 | D:1      | Shayle the Tengu Brigand began the quest for the Orb.
     0 | D:1      | Reached XP level 1. HP: 12/12 MP: 2/2
   320 | D:1      | Reached XP level 2. HP: 17/17 MP: 3/3
   916 | D:2      | Reached XP level 3. HP: 22/22 MP: 5/5
   929 | D:2      | Reached skill level 1 in Spellcasting
  1049 | D:2      | Reached skill level 2 in Dodging
  1148 | D:2      | Found a sacrificial altar of Ru.
  1412 | D:2      | Reached XP level 4. HP: 22/27 MP: 7/7
  2613 | D:3      | Noticed a necrophage
  2701 | D:3      | Killed a necrophage
  2702 | D:3      | Reached skill level 3 in Dodging
  2702 | D:3      | Gained mutation: Your magical nature lets you fly swiftly
                  | and evasively. [Tengu growth]
  2702 | D:3      | Reached XP level 5. HP: 32/32 MP: 7/9
  2899 | D:3      | Found a faded altar of an unknown god.
  2971 | D:3      | Found a hide-covered altar of Uskayaw.
  2972 | D:3      | Found a shadowy altar of Dithmenos.
  2972 | D:3      | Found a burning altar of Makhleb.
  3186 | D:4      | Found a staircase to the Ecumenical Temple.
  3199 | D:4      | Reached skill level 5 in Stealth
  3207 | Temple   | Entered the Ecumenical Temple
  3572 | Temple   | Became a worshipper of Vehumet
  3620 | D:4      | Reached XP level 6. HP: 19/37 MP: 10/10
  4315 | D:4      | Reached XP level 7. HP: 42/42 MP: 12/12
  4353 | D:4      | Reached skill level 4 in Dodging
  4907 | D:4      | Learned a level 2 spell: Poisonous Vapours
  4924 | D:5      | Entered Level 5 of the Dungeon
  5152 | D:5      | Found Ajeoll's Distillery.
  5157 | D:5      | Reached skill level 1 in Air Magic
  5173 | D:5      | Reached skill level 1 in Poison Magic
  5176 | D:5      | Bought a potion of degeneration for 11 gold pieces
  5176 | D:5      | Bought a potion of heal wounds for 55 gold pieces
  5176 | D:5      | Bought a potion of attraction for 33 gold pieces
  5176 | D:5      | Bought a potion of curing for 33 gold pieces
  5176 | D:5      | Bought a potion of curing for 33 gold pieces
  5176 | D:5      | Bought a potion of curing for 33 gold pieces
  5292 | D:5      | Learned a level 5 spell: Lee's Rapid Deconstruction
  5342 | D:5      | Reached XP level 8. HP: 16/48 MP: 14/14
  5552 | D:5      | Learned a level 2 spell: Scorch
  6069 | D:6      | HP: 1/48 [shadow imp/nerve-wracking pain (14)]
  6071 | D:6      | Reached * piety under Vehumet
  6071 | D:6      | Offered knowledge of Freeze by Vehumet.
  6111 | D:6      | Reached skill level 1 in Fire Magic
  6269 | D:6      | Reached skill level 5 in Dodging
  6324 | D:6      | Found a sand-covered staircase.
  6332 | D:6      | Reached skill level 5 in Fighting
  6337 | Ossuary  | Entered an ossuary
  6589 | Ossuary  | Offered knowledge of Magic Dart by Vehumet.
  6594 | Ossuary  | Reached ** piety under Vehumet
  6900 | Ossuary  | Offered knowledge of Dazzling Flash by Vehumet.
  7922 | D:6      | Reached XP level 9. HP: 49/54 MP: 16/16
  7973 | D:6      | Noticed Menkaure
  7980 | D:6      | Killed Menkaure
  8197 | D:7      | Learned a level 3 spell: Ignite Poison
  8207 | D:7      | Reached *** piety under Vehumet
  8697 | D:7      | Reached skill level 6 in Dodging
  8697 | D:7      | Reached skill level 5 in Air Magic
  8930 | D:7      | Offered knowledge of Mephitic Cloud by Vehumet.
  9123 | D:7      | Learned a level 3 spell: Mephitic Cloud
  9270 | D:7      | Reached skill level 5 in Spellcasting
 10433 | D:8      | Reached XP level 10. HP: 61/61 MP: 18/18
 10455 | D:8      | Noticed Maggie
 10478 | D:8      | Noticed a two-headed ogre
 10484 | D:8      | Killed a two-headed ogre
 10485 | D:8      | Reached skill level 7 in Dodging
 10485 | D:8      | Reached skill level 5 in Fire Magic
 10841 | D:9      | Got the Folio of Fey Misery
 10897 | D:9      | Reached **** piety under Vehumet
 10933 | D:9      | Offered knowledge of Airstrike by Vehumet.
 11008 | D:9      | Learned a level 4 spell: Airstrike
 11150 | D:9      | Found Leedor's Changing Room.
 11697 | D:9      | Got the Handbook of Cunning Grit
 12177 | D:8      | Found a glowing silver altar of Zin.
 12295 | D:8      | Identified the +9 short sword of Calamity {protect, Stlth+}
 12452 | D:8      | Killed Maggie
 13247 | D:10     | Entered Level 10 of the Dungeon
 13380 | D:10     | Found a broken altar of Ashenzari.
 13398 | D:10     | Noticed a two-headed ogre
 13404 | D:10     | Reached skill level 8 in Dodging
 13417 | D:10     | Killed a two-headed ogre
 13418 | D:10     | Reached XP level 11. HP: 15/68 MP: 6/22
 14686 | D:10     | Found a staircase to the Lair.
 14694 | D:10     | Noticed an oklob plant
 14761 | D:10     | Reached skill level 1 in Shields
 15360 | D:10     | Killed an oklob plant
 15422 | Lair:1   | Entered Level 1 of the Lair of Beasts
 15525 | Lair:1   | Reached skill level 9 in Dodging
 16370 | Lair:1   | Reached ***** piety under Vehumet
 16371 | Lair:1   | Reached XP level 12. HP: 75/75 MP: 7/24
 16372 | Lair:1   | Offered knowledge of Fireball by Vehumet.
 16857 | Lair:2   | Noticed Fannar
 17012 | Lair:2   | Killed Fannar
 17117 | Lair:2   | Found a staircase to the Shoals.
 17194 | Lair:2   | Noticed Nergalle
 17379 | Lair:2   | Killed Nergalle
 18524 | Lair:3   | Reached skill level 10 in Dodging
 18902 | Lair:3   | Learned a level 5 spell: Fireball
 19004 | Lair:3   | Found a staircase to the Snake Pit.
 19326 | Lair:3   | Noticed a seven-headed hydra
 19335 | Lair:3   | Killed a six-headed hydra
 20002 | Lair:4   | Found a viscous altar of Jiyva.
 20003 | Lair:4   | Found a staircase to the Slime Pits.
 20298 | Lair:4   | Noticed an eight-headed hydra
 20303 | Lair:4   | Killed an eight-headed hydra
 20304 | Lair:4   | Reached skill level 10 in Fighting
 20641 | Lair:5   | Entered Level 5 of the Lair of Beasts
 20641 | Lair:5   | Noticed an alligator
 20728 | Lair:4   | Reached XP level 13. HP: 57/82 MP: 26/26
 21259 | Lair:4   | Reached skill level 11 in Dodging
 21629 | Lair:5   | Reached skill level 10 in Fire Magic
 22911 | Lair:5   | HP: 5/126 [vampire mosquito (2)]
 22916 | Lair:5   | Slain by a black mamba

Illustrated notes

Levels and vault maps discovered:
D:1:      onia_arrival_mini_spirals, layout_basic, nrook_loot_triangle,
          kennysheep_flooded_box, minivault_19, glass_columns_c, minivault_11
D:2:      layout_basic, basic_altar, bh_walls_and_bars
D:3:      layout_rooms, chequers_temple_overflow_statue_of_worship,
          shapermc_ecumenical_altar_acropolis, minmay_fractal_squares_gapless_5
D:4:      layout_basic, minmay_temple_entry_tees, columned_hall_lemuel
D:5:      layout_rooms, serial_shops, shop, grunt_decor_arrowhead,
          nicolae_kite_square_tiling_tiny, pf_guarded_unrand_woodcutter
D:6:      layout_gridville, nicolae_ossuary_entry_monument,
          minmay_misc_feat_ornament, grunt_ministairs_12, nicolae_grassy_gnolls,
          uniq_menkaure
D:7:      layout_loops_corners
D:8:      wad_river_or_something, layout_basic, mainiacjoe_overflow_24_doors,
          uniq_maggie
D:9:      layout_basic, minivault_1, nicolae_transmutations_shop,
          nicolae_figureground_sparkle
D:10:     layout_basic, amcnicky_altar_gilded, dpeg_oklobed_lair
Temple:   minmay_temple_bridge_d
Lair:1:   layout_small_grid, serial_bayou_shore_a
Lair:2:   layout_loops_ring, shoals_dummy_entry, grunt_megastairs_1,
          uniq_nergalle, uniq_fannar
Lair:3:   layout_cave_pods, minmay_snake_entry_guardpost_large
Lair:4:   layout_small_grid, slime_entry_1
Lair:5:   minmay_lair_end_frog_pond, layout_regular_city

Skill      XL: |  1  2  3  4  5  6  7  8  9 10 11 12 13 |
---------------+----------------------------------------+-----
Spellcasting   | 1 2 3 4 5 6 7 8 9 |  9.7
Dodging        | 2 3 4 5 6 8 9 10 11 | 11.6
Fighting       | 3 4 5 6 7 8 10 | 10.8
Stealth        | 5 6 7 |  7.0
Air Magic      | 2 4 5 6 8 9 |  9.9
Poison Magic   | 1 2 3 |  3.4
Fire Magic     | 2 4 6 8 9 10 | 10.6
Shields        | 3 4 |  4.0
Short Blades   | |  2.1
Throwing       | |  2.0

Action                   |  1- 3 |  4- 6 |  7- 9 | 10-12 | 13-15 || total
-------------------------+-------+-------+-------+-------+-------++-------
Melee: Dagger            |    82 |       |       |       |       ||    82
       Kick              |    23 |    25 |    73 |    59 |    12 ||   192
       Peck              |     8 |    12 |    45 |    40 |     8 ||   113
       Long sword        |       |   109 |   295 |   141 |    25 ||   570
       Punch             |       |     2 |     6 |     1 |       ||     9
Throw: Dart              |       |     2 |    19 |     3 |       ||    24
       Throwing net      |       |       |     3 |       |       ||     3
 Cast: Scorch            |       |       |    64 |    76 |   155 ||   295
       Mephitic Cloud    |       |       |     4 |    50 |    10 ||    64
       Ignite Poison     |       |       |     1 |    24 |     5 ||    30
       Airstrike         |       |       |       |   148 |    16 ||   164
Evoke: Wand              |       |       |       |     1 |     6 ||     7
  Use: Potion            |       |     1 |     5 |     8 |     5 ||    19
       Scroll            |       |       |    11 |    17 |     3 ||    31
 Stab: Sleeping          |     5 |     6 |    19 |     4 |       ||    34
       Distracted        |       |       |     1 |     2 |       ||     3
       Confused          |       |       |       |     6 |     1 ||     7
       Invisible         |       |       |       |       |     1 ||     1
Armor: Robe              |    26 |    33 |    71 |     8 |       ||   138
       Steam dragon scal |       |       |       |    37 |    53 ||    90
       Skin              |       |       |       |       |    15 ||    15
Dodge: Dodged            |    44 |    91 |   371 |   181 |   156 ||   843
Block: Buckler           |       |       |       |    34 |    64 ||    98
